 Dungeon Crawl Stone Soup version 0.32-a0-779-g362cfcae2a (webtiles) character file.

Game seed: 14782988303881412726

1292 Aldia the Fighter (level 8, 0/133 HPs)
             Began as an Oni Warper on Mar 19, 2024.
             Was an Initiate of Beogh.
             Slain by a gnoll
             ... wielding a +0 halberd
              (9 damage)
             ... on level 5 of the Dungeon.
             The game lasted 00:06:39 (4588 turns).

Aldia the Fighter (Oni Warper)                      Turns: 4588, Time: 00:06:40

Health: 0/133      AC:  4    Str: 16    XL:     8   Next: 56%
Magic:  11/11      EV:  9    Int: 16    God:    Beogh [......]
Gold:   211        SH:  0    Dex: 20    Spells: 4/12 levels left

rFire   . . .        l - +3 dagger (venom)
rCold   . . .        (no shield)
rNeg    . . .        b - +0 robe
rPois   .            (helmet restricted)
rElec   .            z - +0 cloak
rCorr   .            (gloves unavailable)
SInv    .            (boots unavailable)
Will    .....        (no amulet) Stlth
                     a - +6 ring of dexterity
HPRegen 0.42/turn    v - +6 ring of dexterity
MPRegen 0.12/turn

%: no passive effects
@: berserking, very quick
A: large, unfitting armour, horns 1, tough skin 1, double potion healing,
drunken brawling
a: Renounce Religion


You were on level 5 of the Dungeon.
You worshipped Beogh.
Beogh was noncommittal.
You visited 1 branch of the dungeon, and saw 5 of its levels.

You collected 211 gold pieces.

Inventory:

Hand Weapons
 l - a +3 dagger of venom (weapon)
 s - a +0 scythe of flaming
 t - a +0 flail
Missiles
 d - 7 darts of dispersal
 e - 4 curare-tipped darts
 r - 3 poisoned darts (quivered)
Armour
 b - a +0 robe (worn)
 z - a +0 cloak (worn)
Jewellery
 a - a +6 ring of dexterity (left hand)
 j - a ring of positive energy
 v - a +6 ring of dexterity (right hand)
Wands
 u - a wand of flame (14)
Scrolls
 c - a scroll of blinking
 f - a scroll of brand weapon {unknown}
 g - 2 scrolls of amnesia
 h - 3 scrolls of teleportation
 k - a scroll of enchant weapon {unknown}
 n - a scroll of torment
 p - a scroll of revelation {unknown}
Potions
 i - 2 potions of resistance
 m - 2 potions of berserk rage
 o - a potion of attraction {unknown}
 q - a potion of brilliance {unknown}
 w - a potion of heal wounds {unknown}
 x - a potion of curing {unknown}
Miscellaneous
 y - a lightning rod (3/4)


   Skills:
 + Level 8.7 Fighting
 + Level 6.6 Maces & Flails
 - Level 1.0 Throwing
 - Level 2.1 Dodging
 - Level 2.5 Spellcasting
 - Level 5.0 Translocations


You had 4 spell levels left.
You knew the following spells:

 Your Spells              Type           Power      Damage    Failure   Level
a - Blink                 Tloc           36%        N/A       3%          2
b - Lesser Beckoning      Tloc           36%        N/A       3%          2
c - Manifold Assault      Tloc           18%        N/A       26%         4

Your spell library contained the following spells:

 Spells                   Type           Power      Damage    Failure   Level
 Teleport Other           Tloc           18%        N/A       8%          3
 Inner Flame              Hex/Fire       2%         N/A       52%         3
 Vhi's Electric Charge    Tloc/Air       20%        N/A       56%         4
 Leda's Liquefaction      Alch/Erth      1%         N/A       89%         4
 Petrify                  Alch/Erth      2%         N/A       89%         4
 Irradiate                Conj/Alch      1%         3d12      99%         5
 Metabolic Englaciation   Hex/Ice        1%         N/A       99%         5
 Ignition                 Fire           1%         3d3       100%        8


Dungeon Overview and Level Annotations

Branches:
Dungeon (5/15)
 Temple: D:4-7

Altars:
Dithmenos
Qazlal

Annotations:
D:4 4 runed translucent doors


Innate Abilities, Weirdness & Mutations

You are too large for most types of armour.
You have a pair of small horns on your head.
You have tough skin. (AC +1)
You gain doubled healing and magic from potions.
Whenever you drink a healing potion, you attack all around you.


Message History

The howler monkey hits you.
* * * LOW HITPOINT WARNING * * *
Unknown command.
You closely miss the howler monkey.
The howler monkey is severely wounded.
The howler monkey hoots and howls with incredible vigour!
The gnoll barely misses you.
You hear a shout!
Unknown command.
You hit the howler monkey.
The howler monkey looks as sick as possible!
The howler monkey is almost dead.
The howler monkey barely misses you. The gnoll closely misses you.
The howler monkey hits you but does no damage.
Unknown command.
You barely miss the howler monkey.
You headbutt the howler monkey, but do no damage.
The howler monkey is almost dead.
You kill the howler monkey!
Beogh accepts your kill.
The gnoll hits you from afar with a +0 halberd!
* * * LOW HITPOINT WARNING * * *
Unknown command.
A red film seems to cover your vision as you go berserk!
You feel yourself moving faster!
You feel mighty!
The gnoll looks more healthy.
The black bear closely misses you. x2; The black bear barely misses you.
The gnoll barely misses you.
Unknown command.
You hit the black bear.
The black bear is lightly wounded.
The black bear barely misses you. The black bear claws you.
* * * LOW HITPOINT WARNING * * *
The black bear closely misses you. The gnoll barely misses you.
You puncture the black bear!
The black bear is poisoned.
The black bear is heavily wounded.
The black bear closely misses you. The black bear claws you.
* * * LOW HITPOINT WARNING * * *
The black bear claws you but does no damage.
The gnoll hits you from afar with a +0 halberd!
You die...

... ........# ......
#......♣# ...... #.....♣ß#
♣$.... #......♣# ......#
##.......#
.......####........#######
..........................
.......()..........#.#####
.♣♣...g†@†...♣♣...#......
♣...)h)....♣..†.#######
#.....).............
##......♣.....#..####
.......♣ß♣...##...
.........##..###..(#
......... #.## #...#
......... #.# #...#


You could see a black bear (very poisoned) and a gnoll.

Vanquished Creatures
  Grinder (D:4)
  Sigmund (D:3)
  A wyvern (D:4)
  2 ice beasts (D:4)
  A black bear (D:4)
  2 scorpions (D:4)
  A howler monkey (D:5)
  2 hounds (D:4)
  Crazy Yiuf (D:4)
  Ijyb (D:4)
  2 iguanas (D:4)
  7 gnolls
  3 adders
  A dart slug (D:3)
  A ribbon worm (D:3)
  12 ball pythons
  5 bats
  7 endoplasms
  2 giant cockroaches (D:1)
  6 goblins
  10 hobgoblins
  A jackal (D:4)
  6 kobolds
  3 quokkas
  A frilled lizard (D:2)
  6 rats
86 creatures vanquished.

Vanquished Creatures (others)
  A black bear (D:5)
1 creature vanquished.

Grand Total: 87 creatures vanquished

Notes
Turn   | Place    | Note
-------+----------+-------------------------------------------
     0 | D:1      | Aldia the Oni Warper began the quest for the Orb.
     0 | D:1      | Reached XP level 1. HP: 22/22 MP: 3/3
    60 | D:1      | Reached skill level 3 in Fighting
    60 | D:1      | Reached XP level 2. HP: 31/31 MP: 3/5
   460 | D:1      | Reached XP level 3. HP: 31/37 MP: 6/6
   463 | D:1      | Learned a level 2 spell: Blink
   466 | D:1      | Learned a level 2 spell: Lesser Beckoning
   712 | D:2      | Found a shadowy altar of Dithmenos.
  1200 | D:2      | Reached XP level 4. HP: 48/48 MP: 7/7
  1560 | D:2      | Learned a level 2 spell: Lesser Beckoning
  1725 | D:3      | Noticed Sigmund
  1734 | D:3      | Killed Sigmund
  1735 | D:3      | Reached skill level 5 in Fighting
  1735 | D:3      | Reached XP level 5. HP: 42/57 MP: 8/8
  1735 | D:3      | Reached XP level 6. HP: 49/66 MP: 9/9
  1853 | D:3      | Learned a level 4 spell: Manifold Assault
  1982 | D:3      | Found a faded altar of an unknown god.
  2281 | D:3      | Found a stormy altar of Qazlal.
  2493 | D:4      | Found a large runed translucent door.
  2498 | D:4      | Found a large runed translucent door.
  2498 | D:4      | Noticed an ice beast
  2512 | D:4      | Killed an ice beast
  2574 | D:4      | Found a large runed translucent door.
  2574 | D:4      | Found a large runed translucent door.
  2626 | D:4      | Noticed a black bear
  2632 | D:4      | Killed a black bear
  2633 | D:4      | Reached skill level 6 in Fighting
  2633 | D:4      | Reached XP level 7. HP: 48/75 MP: 10/10
  2813 | D:4      | Noticed Grinder
  2827 | D:4      | Paralysed by Grinder for 5 turns
  2845 | D:4      | Killed Grinder
  2846 | D:4      | Reached skill level 7 in Fighting
  2846 | D:4      | Reached skill level 5 in Maces & Flails
  3204 | D:4      | Noticed Ijyb
  3216 | D:4      | Killed Ijyb
  3498 | D:4      | Reached skill level 5 in Translocations
  3624 | D:4      | Reached XP level 8. HP: 87/87 MP: 11/11
  3713 | D:4      | Found a runed translucent door.
  3714 | D:4      | Noticed Crazy Yiuf
  3848 | D:4      | Noticed a wyvern
  3853 | D:4      | Killed a wyvern
  3854 | D:4      | Reached skill level 8 in Fighting
  4442 | D:4      | Killed Crazy Yiuf
  4523 | D:5      | Entered Level 5 of the Dungeon
  4557 | D:5      | Noticed Menkaure
  4572 | D:5      | Became a worshipper of Beogh the Shepherd
  4588 | D:5      | Slain by a gnoll

Illustrated notes

Levels and vault maps discovered:
D:1:      dpeg_arrival_line_fractal, layout_basic
D:2:      layout_basic, basic_altar, minmay_misc_feat_rows,
          kennysheep_another_room
D:3:      cheibrodos_helix_gallery, layout_basic, mainiacjoe_overflow_alcove_1,
          ebering_ecumenical_altar_ruins, serial_bayou_lagoon_a, uniq_sigmund
D:4:      layout_loops_corners, minmay_misc_feat_columns,
          minmay_hollow_rounded_squares, uniq_grinder, uniq_ijyb,
          uniq_crazy_yiuf_cottage
D:5:      layout_basic, serial_shops, nicolae_shop_mannequins,
          hangedman_abyss_or_decor_stabs, kennysheep_decorative_pillar,
          uniq_pikel, uniq_menkaure

Skill      XL: |  1  2  3  4  5  6  7  8 |
---------------+-------------------------+-----
Fighting       | 3 5 6 7 8 |  8.7
Maces & Flails | 3 4 5 6 |  6.6
Translocations | 3 4 5 |  5.0
Throwing       | |  1.0
Dodging        | |  2.1
Spellcasting   | |  2.5

Action                     |  1- 3 |  4- 6 |  7- 9 || total
---------------------------+-------+-------+-------++-------
  Melee: Mace              |    57 |       |       ||    57
         Headbutt          |    11 |    11 |    21 ||    43
         Dagger            |    34 |    71 |   106 ||   211
  Throw: Dart              |       |     4 |    14 ||    18
 Invoke: Convert to Beogh  |       |       |     1 ||     1
  Evoke: Lightning rod     |       |       |     1 ||     1
    Use: Scroll            |       |     5 |       ||     5
         Potion            |       |       |     1 ||     1
   Stab: Sleeping          |       |       |     3 ||     3
 Armour: Robe              |    63 |    36 |    80 ||   179
  Dodge: Dodged            |    36 |    32 |    54 ||   122

Table legend: (Time is in decaauts)
 A = Elapsed time spent in this place.
 B = Non-inter-level travel time spent in this place.
 C = Inter-level travel time spent in this place.
 D = Time resting spent in this place.
 E = Time spent auto-exploring this place.
 F = Levels seen in this place.
 G = Mean time per level.
                   A        B        C        D        E       F      G
               +--------+--------+--------+--------+--------+-----+--------+
         Total |   4599 |   4446 |    153 |     47 |   3699 |   5 |  919.8 |
       Dungeon |   4599 |   4446 |    153 |     47 |   3699 |   5 |  919.8 |
               +--------+--------+--------+--------+--------+-----+--------+

Top non-repeatable levels by time:
     D:4: 2181 daAuts
     D:2: 957 daAuts
     D:3: 713 daAuts
     D:1: 683 daAuts
     D:5: 64 daAuts
